 Dungeon Sprint DCSS version 0.31-a0-920-g28cbb04a8c (webtiles) character file.

Game seed: 15640884544516376360

12113 sircluck the Brawler (level 11, 0/131 HPs)
             Began as a Troll Berserker on Oct 17, 2023.
             Was the Champion of Trog.
             Slain by a troll (8 damage)
             ... in the Dungeon (Sprint VII: "The Pits").
             The game lasted 00:04:51 (1485 turns).

sircluck the Brawler (Troll Berserker)              Turns: 1485, Time: 00:04:53

Health: 0/131      AC:  6    Str: 31    XL:     11   Next: 58%
Magic:  10/10      EV: 15    Int:  6    God:    Trog [******]
Gold:   47         SH:  0    Dex: 12    Spells: 10/10 levels left

rFire   . .          .
                       - Unarmed
rCold   . . .        (no shield)
rNeg    . . .        j - +0 troll leather armour
rPois   .            g - +1 hat
rElec   .            (no cloak)
rCorr   .            (gloves unavailable)
SInv    .            (boots unavailable)
Will    .....        (no amulet)
Stlth   +            k - +3 ring of dexterity
HPRegen 2.01/turn    n - +3 ring of intelligence
MPRegen 0.12/turn

%: no teleportation
@: lethally poisoned (0 -> 0)
A: large, unfitting armour, claws 3, regeneration 1, shaggy fur 1, tough skin 1
a: Renounce Religion, Berserk, Trog's Hand, Brothers in Arms


You were in the Dungeon.
You worshipped Trog.
Trog was exalted by your worship.
You visited 1 branch You collected 47 gold pieces.

Inventory:

Armour
 a - a +0 animal skin
 g - a +1 hat (worn)
 j - a +0 troll leather armour (worn)
 o - +0 steam dragon scales
Jewellery
 k - a +3 ring of dexterity (left claw)
 n - a +3 ring of intelligence (right claw)
 w - a ring of poison resistance
 x - a ring of protection from cold
Wands
 v - a wand of iceblast (10)
Scrolls
 i - 2 scrolls of vulnerability
 p - 6 scrolls of enchant weapon
 q - a scroll of fear
 r - 2 scrolls of fog
 t - 2 scrolls of identify
 u - a scroll of enchant armour
Potions
 b - 6 potions of curing
 c - 15 potions of heal wounds
 d - a potion of haste
 e - 4 potions of magic
 f - 7 potions of berserk rage
 h - a potion of invisibility
 l - 3 potions of mutation
 m - 2 potions of resistance
 s - a potion of might


   Skills:
 + Level 14.5 Fighting
 + Level 3.3 Armour
 + Level 14.4 Dodging
 + Level 16.9 Unarmed Combat


You had 10 spell levels left.
You didn't know any spells.
Your spell library was empty.

Dungeon Overview and Level Annotations

Branches:
Dungeon (1/1)

Altars:
Ashenzari
Cheibriados
Dithmenos
Elyvilon
Fedhas
Gozag
Hepliaklqana
Kikubaaqudgha
Makhleb
Nemelex Xobeh
Okawaru
Qazlal
Ru
Sif Muna
Trog
Uskayaw
Vehumet
Wu Jian
Xom
Yredelemnul
Zin
The Shining One
Jiyva
Lugonu


Innate Abilities, Weirdness & Mutations

You are too large for most types of armour.
You have claws for hands.
Your natural rate of healing is unusually fast.
You are covered in fur. (AC +1)
You have tough skin. (AC +1)


Message History

You feel sick.
The naga mage points at you and mumbles some strange words.
The bolt of poison hits you!
You are more poisoned.
You mangle the naga mage!!
You kill the naga mage!
Trog accepts your kill.
Trog appreciates your killing of a magic user.
Trog grants you a weapon! Something appears at your feet!
You see here a +1 war axe of flaming.
You feel sick. The troll bites you! The troll claws you but does no damage.
The troll barely misses you.
The salamander wields a +1 shortbow of flaming.
It bursts into flame!
The salamander shoots an arrow.
The arrow hits you! The arrow burns you.
Unknown command.
You feel very sick. The troll misses you. The troll closely misses you.
The troll barely misses you.
The salamander unwields a +1 shortbow of flaming.
It stops flaming.
The salamander hits you but does no damage.
The naga sharpshooter shoots an arrow.
The arrow hits you!
Items here: )) [ †.
Unknown command.
You barely miss the naga sharpshooter.
You feel sick. The troll bites you but does no damage. The troll claws you.
* * * LOW HITPOINT WARNING * * *
The troll claws you but does no damage.
Unknown command.
Unknown command.
Unknown command.
Your cyclops goes berserk!
You feel very sick.
The naga sharpshooter shoots an arrow.
The arrow hits you!!
* * * LOW HITPOINT WARNING * * *
The salamander misses you. The troll barely misses you. The troll claws you!
* * * LOW HITPOINT WARNING * * *
The troll claws you!
You die...

########################
................TN......
..............C)@N......
##############++########
# # # # # # #


You could see a naga sharpshooter, a salamander, a troll (ally target) and a
friendly cyclops (summoned, berserk).

Vanquished Creatures
  An entropy weaver (shapeshifter) (D)
  An orc high priest (D)
  Urug (D)
  A phantasmal warrior (D)
  An orc sorcerer (D)
  A manticore (D)
  A naga mage (D)
  An orange demon (D)
  2 gargoyles (D)
  A troll (D)
  A tyrant leech (D)
  A snapping turtle (D)
  2 jumping spiders (D)
  A wyvern (D)
  A steam dragon (D)
  A redback (D)
  A vampire mosquito (D)
  A warg (D)
  A water moccasin (D)
  2 nagas (D)
  3 swamp drakes (D)
  3 orc warriors (D)
  3 ogres (D)
  A centaur (D)
  6 wolves (D)
  A phantom (D)
  A kobold brigand (D)
  3 bullfrogs (D)
  A gnoll sergeant (D)
  An earth elemental (D)
  A necrophage (D)
  2 scorpions (D)
  2 crimson imps (D)
  A gnoll bouda (D)
  An iron imp (D)
  An orc wizard (D)
  6 gnolls (D)
  An adder zombie (D)
  3 orcs (D)
  A bat (D)
  A goblin (D)
  A hobgoblin (D)
  2 jackals (D)
  A quokka (D)
  A ball python skeleton (D)
  A ball python zombie (D)
  A kobold (D)
  A quokka zombie (D)
74 creatures vanquished.

Vanquished Creatures (collateral kills)
  Gastronok (D)
  2 emperor scorpions (D)
  An anaconda (D)
  A deep elf zephyrmancer (D)
  A tarantella (D)
  A ynoxinul (D)
  A shadow (D)
  A vampire mosquito (D)
  A scorpion (D)
  An orc wizard (D)
  2 orcs (D)
  A hobgoblin (D)
14 creatures vanquished.

Vanquished Creatures (others)
  A small abomination (D)
  A wolf (D)
  A phantom (D)
  An orc (D)
4 creatures vanquished.

Grand Total: 92 creatures vanquished

Notes
Turn   | Place    | Note
-------+----------+-------------------------------------------
     0 | D        | sircluck the Troll Berserker began the quest for the Orb.
     0 | D        | Reached XP level 1. HP: 22/22 MP: 0/0
    11 | D        | Noticed a scorpion
    15 | D        | Killed a scorpion
    16 | D        | Reached skill level 5 in Unarmed Combat
    16 | D        | Reached XP level 2. HP: 23/32 MP: 1/1
    16 | D        | Reached XP level 3. HP: 29/39 MP: 2/2
    20 | D        | Found a bloodstained altar of Trog.
    20 | D        | Found a shimmering blue altar of Sif Muna.
    20 | D        | Found a viscous altar of Jiyva.
    20 | D        | Found a hazy altar of Hepliaklqana.
    20 | D        | Found an opulent altar of Gozag.
    21 | D        | Found a glowing golden altar of the Shining One.
    21 | D        | Found a glowing silver altar of Zin.
    21 | D        | Found a basalt altar of Yredelemnul.
    21 | D        | Found a shimmering altar of Xom.
    21 | D        | Found an ornate altar of the Wu Jian Council.
    21 | D        | Found a sacrificial altar of Ru.
    21 | D        | Found a stormy altar of Qazlal.
    21 | D        | Found an iron altar of Okawaru.
    21 | D        | Found a sparkling altar of Nemelex Xobeh.
    21 | D        | Found a burning altar of Makhleb.
    21 | D        | Found a blossoming altar of Fedhas.
    21 | D        | Found a white marble altar of Elyvilon.
    21 | D        | Found a shadowy altar of Dithmenos.
    21 | D        | Found a snail-covered altar of Cheibriados.
    24 | D        | Found a corrupted altar of Lugonu.
    24 | D        | Found a radiant altar of Vehumet.
    25 | D        | Found an ancient bone altar of Kikubaaqudgha.
    25 | D        | Found a hide-covered altar of Uskayaw.
    25 | D        | Found a broken altar of Ashenzari.
    72 | D        | Reached ** piety under Trog
    85 | D        | Reached *** piety under Trog
    95 | D        | Reached **** piety under Trog
   134 | D        | Noticed a bullfrog
   134 | D        | Noticed a phantom
   144 | D        | Reached XP level 4. HP: 40/49 MP: 3/3
   149 | D        | Killed a phantom
   150 | D        | Reached skill level 5 in Fighting
   150 | D        | Reached skill level 5 in Dodging
   150 | D        | Reached skill level 6 in Unarmed Combat
   150 | D        | Reached XP level 5. HP: 36/57 MP: 4/4
   152 | D        | Reached skill level 7 in Unarmed Combat
   156 | D        | Reached ***** piety under Trog
   164 | D        | Reached XP level 6. HP: 38/68 MP: 5/5
   176 | D        | Reached skill level 8 in Unarmed Combat
   234 | D        | Received a gift from Trog
   253 | D        | Noticed a gargoyle
   259 | D        | Killed a gargoyle
   260 | D        | Reached skill level 10 in Unarmed Combat
   260 | D        | Reached XP level 7. HP: 66/81 MP: 6/6
   300 | D        | Noticed a redback
   311 | D        | Killed a redback
   312 | D        | Reached XP level 8. HP: 19/92 MP: 7/7
   317 | D        | Reached ****** piety under Trog
   395 | D        | Reached skill level 11 in Unarmed Combat
   524 | D        | Reached skill level 10 in Fighting
   526 | D        | Received a gift from Trog
   527 | D        | Reached skill level 10 in Dodging
   575 | D        | Noticed a manticore
   582 | D        | Reached skill level 12 in Unarmed Combat
   591 | D        | Killed a manticore
   592 | D        | Reached XP level 9. HP: 48/102 MP: 8/8
   793 | D        | Noticed a gargoyle
   800 | D        | Killed a gargoyle
   858 | D        | Noticed an emperor scorpion
   864 | D        | Killed an emperor scorpion
   865 | D        | Reached skill level 13 in Unarmed Combat
   865 | D        | Received a gift from Trog
   878 | D        | Noticed an emperor scorpion
   883 | D        | Killed an emperor scorpion
   884 | D        | Reached skill level 14 in Unarmed Combat
   884 | D        | Reached XP level 10. HP: 103/115 MP: 9/9
   888 | D        | Received a gift from Trog
   925 | D        | Noticed a deep elf zephyrmancer
   925 | D        | Noticed an anaconda
   925 | D        | Noticed Gastronok
   934 | D        | Killed an anaconda
   934 | D        | Received a gift from Trog
   939 | D        | Killed a deep elf zephyrmancer
   940 | D        | Reached skill level 15 in Unarmed Combat
   941 | D        | Killed Gastronok
   941 | D        | Received a gift from Trog
  1058 | D        | Noticed a phantasmal warrior
  1068 | D        | Killed a phantasmal warrior
  1069 | D        | Reached XP level 11. HP: 118/127 MP: 10/10
  1078 | D        | Noticed an orc high priest
  1097 | D        | a yaktaur changed into an entropy weaver
  1097 | D        | Noticed an entropy weaver (shapeshifter)
  1110 | D        | Killed an orc high priest
  1111 | D        | Reached skill level 16 in Unarmed Combat
  1114 | D        | Killed an entropy weaver
  1115 | D        | Received a gift from Trog
  1225 | D        | Received a gift from Trog
  1366 | D        | Noticed Urug
  1384 | D        | Killed Urug
  1385 | D        | Reached skill level 1 in Armour
  1422 | D        | Noticed an orc sorcerer
  1430 | D        | Killed an orc sorcerer
  1430 | D        | Received a gift from Trog
  1470 | D        | Noticed a naga sharpshooter
  1482 | D        | Received a gift from Trog
  1485 | D        | Slain by a troll

Illustrated notes

Levels and vault maps discovered:
D:        pitsprint [storerooms_1, entrance_room_1, metal_vault_6, armoury_2,
          mini_pit_1, grid_room_1, main_hall_1, silver_pit, the_coven_1,
          the_vestibule_1, steel_vault_5, golden_pit, hallway_of_sentries,
          crystal_vault_5, iron_vault_4, final_vault]

Skill      XL: |  1  2  3  4  5  6  7  8  9 10 11 |
---------------+----------------------------------+-----
Fighting       | 4 5 6 8 9 10 12 13 14 | 14.5
Dodging        | 4 5 6 8 9 10 12 13 14 | 14.4
Unarmed Combat | 5 6 7 10 12 14 15 16 | 16.9
Armour         | 3 |  3.3

Action                     |  1- 3 |  4- 6 |  7- 9 | 10-12 || total
---------------------------+-------+-------+-------+-------++-------
  Melee: Unarmed           |    22 |    34 |    77 |    85 ||   218
         Punch             |       |       |     4 |     8 ||    12
 Invoke: Brothers in Arms  |       |       |     2 |     2 ||     4
    Use: Potion            |       |       |     2 |     2 ||     4
         Scroll            |       |       |       |     2 ||     2
   Stab: Confused          |       |       |     1 |     1 ||     2
         Invisible         |       |       |       |     1 ||     1
 Armour: Animal skin       |    14 |    15 |    56 |    52 ||   137
         Troll leather arm |       |       |       |    29 ||    29
  Dodge: Dodged            |     9 |    11 |    52 |    53 ||   125

Table legend: (Time is in decaauts)
 A = Elapsed time spent in this place.
 B = Non-inter-level travel time spent in this place.
 C = Inter-level travel time spent in this place.
 D = Time resting spent in this place.
 E = Time spent auto-exploring this place.
 F = Levels seen in this place.
 G = Mean time per level.
                   A        B        C        D        E       F      G
               +--------+--------+--------+--------+--------+-----+--------+
         Total |   1436 |   1436 |      0 |    467 |    414 |   1 | 1436.0 |
       Dungeon |   1436 |   1436 |      0 |    467 |    414 |   1 | 1436.0 |
               +--------+--------+--------+--------+--------+-----+--------+

Top non-repeatable levels by time:
       D: 1436 daAuts
